 Dungeon Crawl Stone Soup version 0.31.0-12-g77e489cdc1 (webtiles) character file.

Game seed: 5081212317002929708

2755 Gadfly the Covert (level 9, -4/45 HPs)
             Began as a Spriggan Enchanter on Feb 19, 2024.
             Was an Initiate of Gozag.
             Slain by a centaur
             ... wielding a +0 trident
              (7 damage)
             ... in a bailey.
             The game lasted 00:15:58 (7934 turns).

Gadfly the Covert (Spriggan Enchanter)              Turns: 7934, Time: 00:15:59

Health: -4/45      AC:  3    Str:  8    XL:     9   Next: 41%
Magic:  0/19       EV: 21    Int: 15    God:    Gozag
Gold:   772        SH:  0    Dex: 17    Spells: 15/20 levels left

rFire   + + .        a - +1 dagger (vamp)
rCold   + . .        (no shield)
rNeg    . . .        o - +0 robe {rC+}
rPois   .            (helmet restricted)
rElec   .            t - +0 cloak
rCorr   .            (gloves unavailable)
SInv    +            (boots unavailable)
Will    +....        m - amulet of guardian spirit
Stlth   ++++         d - ring of protection from fire
HPRegen 0.27/turn    (no ring)
MPRegen 0.16/turn

%: guardian spirit
@: very quick
A: very small, no large weapons, unfitting armour, see invisible, speed 3, dopey
1, fire resistance 1, strong 1
a: Renounce Religion, Potion Petition, Call Merchant, Bribe Branch


You were in a bailey.
You worshipped Gozag.
Gozag was pleased with you.
You visited 2 branches of the dungeon, and saw 8 of its levels.
You also visited: Bailey.

You collected 929 gold pieces.
You paid 157 gold pieces to Gozag.

Inventory:

Hand Weapons
 a - a +1 vampiric dagger (weapon)
 b - a +0 dagger of speed
Missiles
 n - a throwing net
Armour
 o - a +0 robe of cold resistance (worn)
 t - a +0 cloak (worn)
Jewellery
 d - a ring of protection from fire (left hand)
 m - an amulet of guardian spirit (around neck)
Wands
 l - a wand of polymorph (12)
 s - a wand of flame (10)
Scrolls
 h - 3 scrolls of teleportation
 w - a scroll of identify
Potions
 c - 2 potions of invisibility
 g - a potion of brilliance
 j - a potion of haste
 q - a potion of lignification


   Skills:
 + Level 4.0 Fighting
 + Level 5.5 Short Blades
 + Level 6.8 Dodging
 + Level 8.7 Stealth
 + Level 6.3 Spellcasting
 + Level 6.8 Hexes
 + Level 6.1 Evocations


You had 15 spell levels left.
You knew the following spells:

 Your Spells              Type           Power      Damage    Failure   Level
a - Ensorcelled Hibernat  Hex/Ice        30%        N/A       5%          2
b - Confusing Touch       Hex            25%        N/A       2%          3

Your spell library contained the following spells:

 Spells                   Type           Power      Damage    Failure   Level
 Tukima's Dance           Hex            25%        N/A       2%          3
 Dazzling Flash           Conj/Hex       30%        N/A       11%         3
 Kiss of Death            Conj/Necr      16%        2d6       14%         1
 Call Imp                 Summ           8%         N/A       22%         2
 Sublimation of Blood     Necr           4%         N/A       22%         2
 Anguish                  Hex/Necr       7%         N/A       34%         4
 Fugue of the Fallen      Necr           4%         N/A       38%         3
 Dispel Undead            Necr           4%         3d7       80%         4
 Sculpt Simulacrum        Ice/Alch       2%         N/A       100%        6
 Ozocubu's Refrigeration  Ice            2%         4d7       100%        7
 Summon Hydra             Summ           2%         N/A       100%        7
 Polar Vortex             Ice            2%         N/A       100%        9


Dungeon Overview and Level Annotations

Branches:
Dungeon (7/15)             Temple (1/1) D:6          Bailey (1/1)

Altars:
Ashenzari
Cheibriados
Dithmenos
Elyvilon
Gozag
Kikubaaqudgha
Makhleb
Nemelex Xobeh
Qazlal
Sif Muna
Trog
Uskayaw
Wu Jian
Xom
Yredelemnul
The Shining One

Annotations:
D:3 3 runed translucent doors, TheBioAlchemist's ghost, weakling TeAE; Zeo's ghost, amateur BaHu; spaghetti's ghost, amateur DsCK; superradish's ghost, amateur OpSh


Innate Abilities, Weirdness & Mutations

You are very small and have problems with some larger weapons.
You are too small for most types of armour.
You have supernaturally acute eyesight. (SInv)
You cover ground extremely quickly. (Speed+++)
You are dopey. (Int -2)
Your flesh is heat resistant. (rF+)
Your muscles are strong. (Str +4, Int/Dex -1)


Message History

Aiming: Polymorph
Press: ? - help, Shift-Dir - straight line, f - centaur
Aim: a centaur, wielding a +0 halberd, wearing a +0 scale mail and quivering javelins (will become a swamp drake, a bombardier beetle, or a boggart, chance to affect: 64%)
You hear a splash. x3
The centaur evaporates and reforms as a bombardier beetle!
Casting: Ensorcelled Hibernation (safe; 5% risk of failure)
Confirm with . or Enter, or press ? or * to list all spells.
You don't have enough magic to cast this spell.
Casting: Ensorcelled Hibernation (safe; 5% risk of failure)
Confirm with . or Enter, or press ? or * to list all spells.
Aiming: Ensorcelled Hibernation (safe; 5% risk of failure)
Press: ? - help, Shift-Dir - straight line, f/p - bombardier beetle
Aim: a bombardier beetle (chance to affect: 49%)
The bombardier beetle looks drowsy...
The centaur hits you from afar with a +0 trident.
* * * LOW HITPOINT WARNING * * *
You barely miss the bombardier beetle. The centaur completely misses you.
You completely miss the bombardier beetle.
The centaur barely misses you.
The bombardier beetle closely misses you.
You hit the bombardier beetle but do no damage.
The centaur misses you.
You hit the bombardier beetle.
You feel better.
The bombardier beetle is lightly wounded.
The centaur barely misses you. The bombardier beetle bites you.
You hit the bombardier beetle but do no damage.
The bombardier beetle is lightly wounded.
The centaur misses you.
You hit the bombardier beetle but do no damage.
The bombardier beetle is lightly wounded.
The centaur misses you.
The bombardier beetle completely misses you.
You barely miss the bombardier beetle.
The bombardier beetle is lightly wounded.
The centaur barely misses you. The centaur closely misses you.
You hit the bombardier beetle.
The bombardier beetle is moderately wounded.
The centaur hits you from afar with a +0 trident!
You die...
Your body crumbles into a pile of gold.

≈≈.≈.....≈~≈?≈~≈.....≈.
≈≈.≈.....≈~≈)≈~≈.....≈.
≈≈.≈.....≈~≈:≈~≈.....≈.
≈≈.≈...).≈~≈≈≈~≈.....≈o
≈≈.≈≈..$.≈≈o≈~≈≈....≈≈.
≈≈≈.≈.....≈o≈~≈.....≈
≈≈≈.≈≈.⌠..≈≈c≈≈..⌠.≈≈
≈≈≈≈.≈.....≈B≈.....≈.
≈≈≈≈.≈≈≈....@....≈≈≈.
≈≈≈≈≈..≈≈≈.....≈≈≈..≈
≈≈≈≈≈≈≈..≈≈≈.≈≈≈..≈≈≈
#≈≈≈≈≈≈≈≈.......≈≈≈≈≈
#≈≈≈≈≈≈≈≈≈≈≈≈≈≈≈≈≈≈≈
#≈≈≈≈≈≈≈≈≈≈≈≈≈≈≈≈≈≈
##################


You could see an orc warrior, a centaur, a bombardier beetle and an orc.

Vanquished Creatures
  Grinder (D:3)
  Sigmund (D:3)
  Eustachio (D:5)
  A steam dragon (D:6)
  A water moccasin (D:6)
  4 orc warriors (Bailey)
  An ice beast (D:6)
  A black bear (D:6)
  An ogre (D:6)
  3 centaurs (Bailey)
  A phantom (D:4)
  3 bullfrogs
  A gnoll sergeant (D:6)
  A bombardier beetle (D:5)
  A jelly (D:6)
  2 orc priests
  4 hounds
  4 iguanas
  6 orc wizards
  Robin (D:3)
  5 adders
  9 gnolls
  A white imp (D:5)
  2 ufetubi (D:5)
  3 dart slugs
  A ribbon worm (D:2)
  34 orcs
  7 ball pythons
  2 bats
  4 endoplasms
  2 giant cockroaches
  18 goblins
  10 hobgoblins
  5 jackals
  2 quokkas
  2 frilled lizards (D:1)
  4 kobolds
  11 rats
161 creatures vanquished.

Vanquished Creatures (collateral kills)
  An orc (Bailey)
1 creature vanquished.

Vanquished Creatures (others)
  An orc warrior (Bailey)
1 creature vanquished.

Grand Total: 163 creatures vanquished

Notes
Turn   | Place    | Note
-------+----------+-------------------------------------------
     0 | D:1      | Gadfly the Spriggan Enchanter began the quest for the Orb.
     0 | D:1      | Reached XP level 1. HP: 9/9 MP: 5/5
   134 | D:1      | Reached XP level 2. HP: 12/14 MP: 6/6
   137 | D:1      | Learned a level 2 spell: Ensorcelled Hibernation
   363 | D:1      | Reached skill level 1 in Evocations
   676 | D:2      | Found a sparkling altar of Nemelex Xobeh.
   687 | D:2      | Reached XP level 3. HP: 13/17 MP: 6/8
   882 | D:2      | Learned a level 3 spell: Confusing Touch
  1036 | D:2      | Reached skill level 1 in Fighting
  1455 | D:3      | Noticed Sigmund
  1475 | D:3      | Reached XP level 4. HP: 10/22 MP: 2/9
  1619 | D:3      | Reached skill level 5 in Stealth
  1786 | D:3      | Found a runed translucent gate.
  1786 | D:3      | Found a runed translucent gate.
  1787 | D:3      | Found a runed translucent gate.
  1788 | D:3      | Noticed TheBioAlchemist's ghost (weakling TeAE)
  1788 | D:3      | Noticed superradish's ghost (amateur OpSh)
  1789 | D:3      | Noticed Zeo's ghost (amateur BaHu)
  1790 | D:3      | Noticed spaghetti's ghost (amateur DsCK)
  1857 | D:3      | Killed Sigmund
  1858 | D:3      | Reached XP level 5. HP: 26/26 MP: 5/11
  1858 | D:3      | Reached XP level 6. HP: 30/30 MP: 5/12
  1994 | D:3      | Noticed Grinder
  2007 | D:3      | Killed Grinder
  2059 | D:3      | Reached skill level 6 in Stealth
  2059 | D:3      | Reached XP level 7. HP: 35/35 MP: 11/14
  2177 | D:3      | Noticed Robin
  2364 | D:3      | Killed Robin
  2365 | D:3      | Reached skill level 5 in Hexes
  3817 | D:5      | Entered Level 5 of the Dungeon
  3880 | D:5      | Noticed Eustachio
  3892 | D:5      | Killed Eustachio
  4125 | D:5      | Reached skill level 5 in Dodging
  4515 | D:5      | Reached XP level 8. HP: 34/39 MP: 13/16
  5442 | D:6      | Found a staircase to the Ecumenical Temple.
  5451 | D:6      | Reached skill level 7 in Stealth
  5451 | D:6      | Reached skill level 5 in Spellcasting
  5454 | Temple   | Entered the Ecumenical Temple
  5472 | Temple   | Became a worshipper of Gozag Ym Sagoz the Greedy
  5865 | D:6      | Reached skill level 5 in Evocations
  6076 | D:6      | Reached skill level 5 in Short Blades
  6076 | D:6      | Reached skill level 8 in Stealth
  6166 | D:6      | Identified the +1 pair of gloves of the Thistle {*Corrode
                  | rC+ Int+4 Dex+3}
  6173 | D:6      | Reached XP level 9. HP: 44/44 MP: 18/18
  6443 | D:7      | Found a flagged portal.
  6471 | Bailey   | Entered a bailey
  6496 | Bailey   | Gained mutation: You are dopey. (Int -2) [potion of
                  | mutation]
  6496 | Bailey   | Gained mutation: Your muscles are strong. (Str +4, Int/Dex
                  | -1) [potion of mutation]
  6496 | Bailey   | Gained mutation: Your flesh is heat resistant. (rF+)
                  | [potion of mutation]
  6514 | Bailey   | HP: 1/45 [orc/+0 trident (2)]
  7926 | Bailey   | HP: 1/45 [centaur/+0 trident (6)]
  7934 | Bailey   | Slain by a centaur

Illustrated notes

Levels and vault maps discovered:
D:1:      minmay_arrival_diagonal_passages, layout_loops_ring
D:2:      layout_rooms, basic_altar
D:3:      layout_basic, gammafunk_ghost_cemetery, nicolae_eternal_life,
          uniq_grinder, uniq_robin, uniq_sigmund
D:4:      layout_loops_corners
D:5:      layout_basic, uniq_eustachio
D:6:      layout_loops_ring, minmay_temple_entry_slanted
D:7:      layout_cave_pools, enter_bailey_3
Temple:   eino_temple_scatter_basement
Bailey:   bailey_polearm_flooded_kennysheep, bailey

Skill      XL: |  1  2  3  4  5  6  7  8  9 |
---------------+----------------------------+-----
Dodging        | 3 4 5 6 |  6.8
Evocations     | 1 2 3 4 5 6 |  6.1
Spellcasting   | 3 4 5 6 |  6.3
Fighting       | 1 2 3 4 |  4.0
Hexes          | 4 5 6 |  6.8
Short Blades   | 2 3 4 5 |  5.5
Stealth        | 5 6 8 |  8.7

Action                     |  1- 3 |  4- 6 |  7- 9 || total
---------------------------+-------+-------+-------++-------
  Melee: Dagger            |   134 |    31 |   342 ||   507
         Punch             |     2 |       |     4 ||     6
   Cast: Ensorcelled Hiber |    12 |     9 |    96 ||   117
         Confusing Touch   |       |     1 |     2 ||     3
  Evoke: Wand              |       |       |     7 ||     7
    Use: Scroll            |     3 |     1 |    10 ||    14
         Potion            |       |       |     8 ||     8
   Stab: Sleeping          |    25 |     8 |    72 ||   105
         Distracted        |       |     1 |     1 ||     2
         Confused          |       |     2 |     3 ||     5
 Armour: Robe              |    25 |     6 |   181 ||   212
  Dodge: Dodged            |    99 |    19 |   482 ||   600
